 Dungeon Crawl Stone Soup version 0.27.1-35-g4d5d836560 (webtiles) character file.

Game seed: 15411715870248008730

1851 cbfl8 the Cleaver (level 8, -3/71 HPs)
             Began as a Minotaur Delver on Mar 17, 2022.
             Was a Follower of Yredelemnul.
             Slain by a wight (9 damage)
             ... on level 7 of the Dungeon.
             The game lasted 00:16:01 (9289 turns).

cbfl8 the Cleaver (Minotaur Delver)                 Turns: 9289, Time: 00:16:03

Health: -3/71      AC:  0    Str: 16 (17) XL:     8   Next: 88%
Magic:  0/7        EV: 14    Int:  6 (7)  God:    Yredelemnul [*.....]
Gold:   310        SH:  0    Dex: 12 (14) Spells: 7/7 levels left

rFire    . . .     SeeInvis .   (weapon currently unavailable)
rCold    . . .     Faith    .   (shield currently unavailable)
rNeg     . . .     Spirit   +   (armour currently unavailable)
rPois    .         Reflect  .   (helmet currently unavailable)
rElec    .         Harm     .   (cloak currently unavailable)
rCorr    .         Rampage  .   (gloves currently unavailable)
Will     .....                  (boots currently unavailable)
Stlth    +++.......             p - amulet of guardian spirit
HPRegen  0.21/turn              (ring currently unavailable)
MPRegen  0.10/turn              (ring currently unavailable)

@: pig-form, very quick
A: fast, no casting, small, (horns 2), (retaliatory headbutt)
a: Renounce Religion, Animate Remains


You were on level 7 of the Dungeon.
You worshipped Yredelemnul.
Yredelemnul was aware of your devotion.
You were a filthy swine.
You visited 1 branch of the dungeon, and saw 7 of its levels.

You collected 310 gold pieces.

Inventory:

Hand Weapons
 a - a +0 hand axe
 x - a +0 war axe (melded)
Armour
 b - a +0 leather armour
 i - a +0 ring mail
 o - a scarf of repulsion (melded)
 s - a +0 chain mail
 w - a +0 plate armour (melded)
 B - a +0 pair of gloves (melded)
 C - a +1 pair of boots (melded)
 G - a +1 cloak
Jewellery
 p - an amulet of guardian spirit (around neck)
 u - a ring of fire (melded)
 v - a ring of flight (melded)
 F - a +6 ring of strength
Wands
 g - a wand of digging (3)
 h - a wand of paralysis (10)
Scrolls
 c - a scroll of fog
 d - 2 scrolls of magic mapping
 e - a scroll of fear
 k - 4 scrolls of teleportation {unknown}
 l - 8 scrolls of identify {unknown}
 q - 5 scrolls of amnesia {unknown}
 r - 2 scrolls of vulnerability {unknown}
 t - a scroll of enchant weapon {unknown}
 y - a scroll of blinking {unknown}
 A - 2 scrolls of immolation {unknown}
 D - a scroll of summoning {unknown}
Potions
 f - 2 potions of haste
 j - 2 potions of heal wounds {unknown}
 m - a potion of resistance {unknown}
 n - 2 potions of curing
 z - a potion of degeneration
 E - 3 potions of cancellation {unknown}


   Skills:
 + Level 6.3 Fighting
 + Level 9.3 Axes
 + Level 7.9 Armour
 + Level 2.6 Dodging
 + Level 4.9 Stealth
 + Level 0.4 Invocations


You had 7 spell levels left.
You didn't know any spells.
Your spell library contained the following spells:

 Spells                   Type           Power      Damage    Failure   Level
 Passwall                 Tmut/Erth      0%         N/A       58%         2
 Swiftness                Air            0%         N/A       83%         3
 Animate Armour           Summ/Erth      0%         N/A       99%         4
 Blade Hands              Tmut           0%         N/A       100%        5
 Invisibility             Hex            0%         N/A       100%        6
 Iron Shot                Conj/Erth      0%         9d1       100%        6


Dungeon Overview and Level Annotations

Branches:
Dungeon (7/15)             Temple (0/1) D:4

Altars:
Ashenzari
Cheibriados
Elyvilon
Gozag
Yredelemnul
Zin
The Shining One

Annotations:
D:4 2 transporters
D:6 3 runed translucent doors, AbsoluteStateOfPlay's ghost, novice MiBe; Dormantt's ghost, novice DgFi
D:7 Joseph


Innate Abilities, Weirdness & Mutations

You are a filthy swine.
You move quickly.
Your equipment is almost entirely melded.
You are incapable of wielding weapons or throwing items.
You cannot cast spells.
((You have a pair of horns on your head.))
((You reflexively headbutt those who attack you in melee.))


Message History

The wight hits you but does no damage.
Joseph shoots a sling bullet.
The sling bullet hits you! The sling bullet freezes you.
You hit the wight.
The wight is severely damaged.
Joseph zaps a wand.
You resist with some effort. The wight hits you but does no damage.
Joseph sighs, "Being a guard is usually so boring..."
Joseph shoots a sling bullet.
The sling bullet hits you! The sling bullet freezes you.
Joseph shoots a sling bullet.
The sling bullet hits you but does no damage.
Things that are here:
a +0 robe; a +3 halberd The wight hits you with a +0 long sword!
* * * LOW HITPOINT WARNING * * *
Joseph zaps a wand.
You turn into a filthy swine.
Your +0 war axe melds into your body.
Your scarf of repulsion melds into your body.
Your +0 pair of gloves melds into your body.
Your +1 pair of boots melds into your body.
Your +0 plate armour melds into your body.
Your ring of fire melds into your body.
Your ring of flight melds into your body.
The haze of the repulsion field disappears.
You float gracefully downwards.
It was a potion of curing.
You feel better.
A wyvern skeleton comes into view.
The wight barely misses you.
The wight hits you from afar with a +0 spear.
Joseph shoots a sling bullet.
The sling bullet hits you!!
* * * LOW HITPOINT WARNING * * *
The sling bullet freezes you.
* * * LOW HITPOINT WARNING * * *
It was a potion of degeneration.
There was something very wrong with that liquid.
You feel weakened.
You feel dopey.
You feel clumsy. The wight barely misses you.
The wight hits you from afar with a +0 spear!
You die...
Your body rises from the dead as a mindless zombie.

#.......#..................
###........................
.##..............##.#
.#...#.#.#......##..#
...##### #.#....#..###
.#....# #........|..####
.###.## #............#..
...(.#######.....zz........
........##......h[z##......
.{<#.#................##+##
..## #......#.<......## .{#
#.... ###.##..## ..## ....
...#..## ...###...
....Z#..# .o......
....@..#.## ...#####
#..o..##. .### ###... ..


You could see Joseph, 3 wights, an orc wizard and a wyvern skeleton.

Vanquished Creatures
  A black bear (D:4)
  An ice beast (D:6)
  3 sky beasts
  3 ogres
  A centaur (D:6)
  A wyvern zombie (D:6)
  A scorpion (D:5)
  2 wights
  2 howler monkeys (D:7)
  A vampire bat (D:6)
  A bullfrog zombie (D:5)
  A bullfrog skeleton (D:5)
  2 centaur zombies
  3 hounds
  Crazy Yiuf (D:6)
  An orc priest (D:6)
  2 centaur skeletons
  3 iguanas
  4 orc wizards
  A scorpion zombie (D:5)
  2 killer bee zombies
  2 hound skeletons (D:4)
  2 gnolls (D:3)
  4 adders
  A white imp (D:6)
  An ufetubus (D:5)
  An adder zombie (D:5)
  A worm (D:2)
  11 orcs
  4 ball pythons
  5 endoplasms
  2 giant cockroaches (D:1)
  8 goblins
  3 hobgoblins
  6 jackals
  4 quokkas
  13 bats
  6 frilled lizards
  5 kobolds
  2 rats (D:2)
118 creatures vanquished.

Vanquished Creatures (others)
  A centaur skeleton (D:6)
  A fungus (D:1)
  4 plants
  6 withered plants (D:6)
12 creatures vanquished.

Grand Total: 130 creatures vanquished

Notes
Turn   | Place    | Note
-------+----------+-------------------------------------------
     0 | D:5      | cbfl8 the Minotaur Delver began the quest for the Orb.
     0 | D:5      | Reached XP level 1. HP: 19/19 MP: 0/0
   220 | D:2      | Reached XP level 2. HP: 27/27 MP: 1/1
   655 | D:1      | Found a faded altar of an unknown god.
   868 | D:1      | Reached XP level 3. HP: 33/33 MP: 2/2
  1359 | D:2      | Found a basalt altar of Yredelemnul.
  1376 | D:2      | Became a worshipper of Yredelemnul the Dark
  2296 | D:3      | Reached skill level 3 in Axes
  2576 | D:4      | Reached XP level 4. HP: 25/40 MP: 3/3
  2762 | D:4      | Reached skill level 1 in Armour
  2773 | D:4      | Found a white marble altar of Elyvilon.
  2773 | D:4      | Found a glowing silver altar of Zin.
  2773 | D:4      | Found a glowing golden altar of the Shining One.
  3064 | D:4      | Noticed a centaur
  3065 | D:4      | Noticed a kobold brigand
  3066 | D:4      | Found an opulent altar of Gozag.
  3117 | D:4      | Found a transporter.
  3130 | D:4      | Found a transporter.
  3158 | D:4      | Noticed a black bear
  3165 | D:4      | Killed a black bear
  3166 | D:4      | Reached skill level 4 in Axes
  3166 | D:4      | Reached XP level 5. HP: 46/47 MP: 4/4
  3183 | D:4      | Found a staircase to the Ecumenical Temple.
  3225 | D:4      | Reached skill level 5 in Axes
  3580 | D:3      | Reached XP level 6. HP: 42/53 MP: 3/5
  4462 | D:5      | Found a snail-covered altar of Cheibriados.
  5150 | D:5      | Reached skill level 6 in Axes
  5152 | D:5      | Reached * piety under Yredelemnul
  5154 | D:5      | Reached XP level 7. HP: 17/60 MP: 1/6
  5464 | D:5      | Reached skill level 5 in Fighting
  5716 | D:5      | Reached skill level 7 in Axes
  5972 | D:5      | Reached skill level 5 in Armour
  6603 | D:6      | Found a broken altar of Ashenzari.
  6764 | D:6      | Found a runed translucent gate.
  6764 | D:6      | Found a runed translucent gate.
  6765 | D:6      | Found a runed translucent gate.
  6766 | D:6      | Noticed AbsoluteStateOfPlay's ghost (novice MiBe)
  6767 | D:6      | Noticed Dormantt's ghost (novice DgFi)
  6789 | D:6      | Reached XP level 8. HP: 60/69 MP: 5/7
  6845 | D:6      | Reached skill level 8 in Axes
  7180 | D:6      | Found a runed translucent door.
  7181 | D:6      | Noticed Crazy Yiuf
  7501 | D:6      | Killed Crazy Yiuf
  7747 | D:6      | Reached skill level 9 in Axes
  8072 | D:7      | Noticed Joseph
  9289 | D:7      | Slain by a wight

Illustrated notes

Levels and vault maps discovered:
D:1:      zelgadis_glass_arrival_small, layout_basic,
          shapermc_ecumenical_altar_acropolis, hex_medium
D:2:      layout_loops_corners, basic_altar, serial_forest,
          infiniplex_forest_straight_1, infiniplex_forest_clump_diagonal,
          infiniplex_forest_lined_corner, infiniplex_forest_end_3,
          infiniplex_forest_straight_2, infiniplex_forest_lined_room_2,
          infiniplex_forest_lined_corner, infiniplex_forest_straight_2,
          infiniplex_forest_lined_4_way, infiniplex_forest_clump_medium
D:3:      layout_loops_ring
D:4:      layout_basic, good_gods_mini_temple, gammafunk_temple_overflow_arena,
          minmay_temple_entry_arrows
D:5:      layout_loops_cross, cheibriados_altar_1, grunt_ministairs_15,
          minmay_misc_feat_columns, kennysheep_generic_room_14
D:6:      layout_basic, overflow_temple_1_default, gammafunk_ghost_cemetery,
          roderic_batcave, grunt_decor_fettered, uniq_crazy_yiuf_cottage
D:7:      layout_cave_pools, gammafunk_temple_overflow_claw, uniq_joseph,
          uniq_harold

Skill      XL: |  1  2  3  4  5  6  7  8 |
---------------+-------------------------+-----
Fighting       | 4 5 6 |  6.3
Axes           | 3 4 5 6 7 9 |  9.3
Armour         | 2 4 6 7 |  7.9
Dodging        | |  2.6
Stealth        | |  4.9
Invocations    | |  0.4

Action                   |  1- 3 |  4- 6 |  7- 9 || total
-------------------------+-------+-------+-------++-------
Melee: Hand axe          |    75 |    59 |       ||   134
       Headbutt          |    16 |    30 |    36 ||    82
       War axe           |       |    49 |   161 ||   210
Invok: Animate Remains   |       |       |     1 ||     1
  Use: Potion            |       |       |     2 ||     2
 Stab: Sleeping          |     3 |       |       ||     3
Armor: Ring mail         |     9 |       |       ||     9
       Chain mail        |    28 |    26 |       ||    54
       Plate armour      |       |   101 |   211 ||   312
Dodge: Dodged            |    44 |    53 |    84 ||   181
       Repelled          |       |       |     3 ||     3
